 Dungeon Crawl Stone Soup version 0.24.1 (webtiles) character file.

Game seed: 15400243964187485144, levelgen mode: deterministic

178423 1994 the Phalangite (level 18, -12/131 HPs)
             Began as a Merfolk Skald on Mar 24, 2020.
             Was the Champion of Hepliaklqana.
             Killed from afar by a thorn hunter (18 damage)
             ... with a volley of thorns
             ... on level 2 of the Swamp.
             The game lasted 01:58:00 (36639 turns).

1994 the Phalangite (Merfolk Skald)                Turns: 36639, Time: 01:58:00

Health: -12/131    AC: 10    Str: 13    XL:     18   Next: 20%
Magic:  28/30      EV: 45    Int: 13    God:    Hepliaklqana [******]
Gold:   2037       SH:  0    Dex: 22    Spells: 5/21 levels left

rFire    . . .     SeeInvis .   a - +4 bardiche (chop)
rCold    . . .     Gourm    .   (shield currently unavailable)
rNeg     . . .     Faith    .   v - +1 ring mail "Qitiadgh" {rElec MP+9}
rPois    +         Spirit   .   (no helmet)
rElec    +         Reflect  .   E - +1 cloak {+Inv}
rCorr    +         Harm     .   Q - +1 pair of gloves {Dex+3}
MR       +....                  (boots currently unavailable)
Stlth    ++........             O - amulet of the acrobat
HPRegen  0.31/turn              N - ring of poison resistance
MPRegen  0.22/turn              u - ring of resist corrosion

@: acrobat, very quick
A: change form in water, swift swim, stealthy swim, reduced essence
a: Recall Ancestor, Ancestor Identity, Transference, Idealise, Renounce
Religion, Evoke Invisibility


You were on level 2 of the Swamp.
You worshipped Hepliaklqana.
Hepliaklqana was exalted by your worship.
You were not hungry.

You visited 5 branches of the dungeon, and saw 27 of its levels.
You also visited: Ice Cave.

You collected 2682 gold pieces.
You spent 645 gold pieces at shops.

Inventory:

Hand Weapons
 a - a +4 bardiche of chopping (weapon)
 b - a +2 trident of protection
 c - a +1 vampiric halberd
Missiles
 j - 51 boomerangs (quivered)
 q - 6 throwing nets
 y - 8 javelins
 R - 4 curare-tipped darts
Armour
 v - the +1 ring mail "Qitiadgh" (worn) {rElec MP+9}
   (You took it off an orc on level 5 of the Dungeon)

   It insulates you from electricity.
   It affects your magic capacity (+9).
 A - a +0 pair of boots (melded)
 E - a +1 cloak of invisibility (worn)
 Q - a +1 pair of gloves of dexterity (worn)
Jewellery
 s - an uncursed ring of ice
 u - a ring of resist corrosion (right hand)
 D - an uncursed ring of protection from magic
 N - a ring of poison resistance (left hand)
 O - an amulet of the acrobat (around neck)
 P - an uncursed ring of protection from fire
Wands
 x - a wand of acid (8)
 C - a wand of iceblast (49)
 F - a wand of paralysis (4)
 H - a wand of enslavement (18)
 J - a wand of flame (35)
 S - a wand of digging (4)
 U - a wand of polymorph (17)
 W - a wand of clouds (10)
Scrolls
 e - 4 scrolls of blinking
 f - 5 scrolls of magic mapping
 i - 7 scrolls of remove curse
 m - a scroll of fear
 o - a scroll of silence
 r - 9 scrolls of teleportation
 w - 2 scrolls of immolation
 B - 15 scrolls of identify
 G - a scroll of summoning
 X - a scroll of fog
Potions
 g - 3 potions of cancellation
 k - 2 potions of heal wounds
 l - 10 potions of curing
 n - 5 potions of flight
 p - 2 potions of magic
 t - 4 potions of lignification
 z - 4 potions of might
 I - 2 potions of brilliance
 K - a potion of invisibility
 M - 3 potions of haste
 T - 4 potions of agility
 Z - 3 potions of resistance
Miscellaneous
 V - a phantom mirror
 Y - a box of beasts
Comestibles
 d - 46 rations
 h - 6 chunks of flesh


   Skills:
 * Level 14.2 Fighting
 * Level 25.7 Polearms
 - Level 2.7 Throwing
 - Level 0.6 Armour
 * Level 16.3 Dodging
 - Level 2.0 Spellcasting
 - Level 5.0 Hexes
 - Level 6.0 Charms
 - Level 3.0 Necromancy
 - Level 6.0 Translocations
 - Level 7.0 Transmutations
 - Level 4.3 Earth Magic
 - Level 4.5 Invocations


You had 5 spell levels left.
You knew the following spells:

 Your Spells              Type           Power        Failure   Level  Hunger
a - Regeneration          Chrm/Necr      ##........   26%         3    ####...
b - Spectral Weapon       Hex/Chrm       ###.....     17%         3    ####...
c - Song of Slaying       Chrm           ###.....     7%          2    ###....
d - Blink                 Tloc           N/A          7%          2    ###....
e - Passwall              Tmut/Erth      ###.....     8%          2    ###....
f - Apportation           Tloc           ###...       4%          1    ##.....
g - Portal Projectile     Hex/Tloc       ###...       17%         3    ####...

Your spell library contained the following spells:

 Spells                   Type           Power        Failure   Level  Hunger
 Infusion                 Chrm           ###.         4%          1    ##.....
 Corona                   Hex            ##.....      7%          1    ##.....
 Shroud of Golubria       Chrm/Tloc      ###...       7%          2    ###....
 Sandblast                Erth           ##....       9%          1    ##.....
 Slow                     Hex            ##......     11%         2    ###....
 Lesser Beckoning         Tloc           ###.......   14%         3    ####...
 Animate Skeleton         Necr           N/A          16%         1    ##.....
 Pain                     Necr           #...         16%         1    ##.....
 Tukima's Dance           Hex            ##......     21%         3    ####...
 Ozocubu's Armour         Chrm/Ice       #.......     43%         3    ####...
 Vampiric Draining        Necr           #.........   43%         3    ####...
 Petrify                  Tmut/Erth      ###.....     45%         4    #####..
 Freeze                   Ice            #...         47%         1    ##.....
 Magic Dart               Conj           #...         47%         1    ##.....
 Summon Butterflies       Summ           #.......     47%         1    ##.....
 Summon Small Mammal      Summ           #...         47%         1    ##.....
 Inner Flame              Hex/Fire       #.......     50%         3    ####...
 Summon Guardian Golem    Hex/Summ       #.......     50%         3    ####...
 Stone Arrow              Conj/Erth      #.....       54%         3    ####...
 Cause Fear               Hex            ##........   56%         4    #####..
 Leda's Liquefaction      Hex/Erth       ##........   61%         4    #####..
 Call Imp                 Summ           #.......     63%         2    ###....
 Throw Frost              Conj/Ice       #.....       63%         2    ###....
 Animate Dead             Necr           N/A          83%         4    #####..
 Call Canine Familiar     Summ           #.......     85%         3    ####...
 Conjure Flame            Conj/Fire      #.......     85%         3    ####...
 Mephitic Cloud           Conj/Pois/Air  #.......     85%         3    ####...
 Lee's Rapid Deconstruct  Erth           ##........   94%         5    ######.
 Alistair's Intoxication  Tmut/Pois      ##......     98%         5    ######.
 Summon Ice Beast         Ice/Summ       #.......     99%         4    #####..
 Summon Lightning Spire   Summ/Air       #.......     99%         4    #####..
 Throw Icicle             Conj/Ice       #.......     99%         4    #####..
 Summon Mana Viper        Hex/Summ       #.......     99%         5    ######.
 Invisibility             Hex            ##......     100%        6    #######
 Iron Shot                Conj/Erth      #.........   100%        6    #######
 Statue Form              Tmut/Erth      ###......    100%        6    #######
 Summon Hydra             Summ           #.........   100%        7    #######


Dungeon Overview and Level Annotations

Branches:
Dungeon (15/15)            Temple (1/1) D:7            Lair (6/6) D:8
  Swamp (3/4) Lair:4        Snake (0/4) Lair:4        Slime (0/5) Lair:5
    Orc (2/2) D:12            Elf (0/3) Orc:2        Vaults (0/5) D:13
 Depths (0/5) D:15          IceCv (visited)

Altars:
Ashenzari
Cheibriados
Dithmenos
Elyvilon
Fedhas
Gozag
Hepliaklqana
Kikubaaqudgha
Makhleb
Nemelex Xobeh
Okawaru
Qazlal
Ru
Sif Muna
Trog
Uskayaw
Vehumet
Wu Jian
Xom
Yredelemnul
Zin
The Shining One

Shops:
D:6 =   D:8 :   D:10 !   Orc:1 [   Orc:2 %?*%

Annotations:
D:15 3 runed translucent doors, ZLogic's ghost, journeyman SpEn


Message History

Ancestor burns the thorn hunter!
The thorn hunter hits ancestor!
The thorn hunter hits ancestor but does no damage.
The briar patch crumbles away. x4
Ancestor hits the thorn hunter with a +0 broad axe of flaming.
Ancestor burns the thorn hunter.
The thorn hunter gestures.
Thorny briars emerge from the ground!
The briar patch crumbles away.
Ancestor blocks the thorn hunter's attack.
The thorn hunter hits ancestor but does no damage.
Ancestor hits the thorn hunter with a +0 broad axe of flaming!
Ancestor burns the thorn hunter!
The briar patch crumbles away. x2
The thorn hunter closely misses ancestor.
The thorn hunter hits ancestor but does no damage.
Ancestor barely misses the thorn hunter.
The briar patch crumbles away.
The thorn hunter fires a volley of thorns at you.
The volley of thorns misses ancestor.
The volley of thorns hits you!!
You die...

♣♣♣.♣♣ ♣≈..♣♣♣ ♣♣.♣♣.♣ ♣.♣≈.
≈..R♣ ♣.≈...♣♣♣♣♣.§♣..♣ ♣.♣..
≈≈≈≈♣♣♣♣♣.≈≈≈≈PP.P♣...P.♣
♣♣.♣..
≈≈≈≈....≈≈..≈≈.^≈...fPP.♣
♣..♣..
≈...♣♣..♣≈.......≈≈R♣♣P.♣
♣.♣♣.♣
♣♣♣♣♣♣♣÷≈≈≈≈.≈≈≈.≈≈.≈PP♣♣
♣.♣..♣ ♣≈†≈≈≈.≈≈≈≈..≈§PP.♣♣
♣.♣..♣
♣..≈P....§≈≈≈≈≈P≈≈≈♣♣♣.♣..♣
♣.†PP≈≈≈≈≈@≈≈≈≈≈≈≈..♣♣.♣..♣
♣..PP≈≈≈..≈≈≈≈≈≈♣....≈.....
♣♣..PP≈≈≈≈.≈...........♣♣♣♣♣
♣♣..♣♣P♣≈≈≈≈≈≈♣.≈≈≈.≈≈≈.≈.≈≈.
♣.♣♣♣♣♣.≈≈....≈≈≈≈≈≈≈≈≈≈♣.≈≈.
♣.^.♣♣
♣PPPP♣♣PP≈≈≈≈.♣..≈.>.♣. ..≈≈.
♣♣♣♣♣♣♣♣P§≈≈≈...♣≈≈≈... ....♣
♣.≈≈≈≈.♣..≈≈≈§♣♣ §...
♣§§≈≈≈.♣♣≈...♣♣♣


You could see the friendly ancestor the knight and a thorn hunter.

Vanquished Creatures
  Rupert (D:14)
  Agnes (D:14)
  Gastronok (D:8)
  A thorn hunter (Swamp:2)
  Donald (Swamp:1)
  Roxanne (Swamp:3)
  A frost giant (IceCv)
  Louise (D:14)
  A very ugly thing (D:15)
  Nessos (D:14)
  The ghost of Soithott the Martial Artist, a journeyman OpTm of Sif Muna (Lair:3)
  A fire dragon (Lair:6)
  3 ogre magi
  5 vault guards (D:13)
  7 hydras
  2 shambling mangroves
  4 centaur warriors
  A catoblepas (Lair:5)
  16 two-headed ogres
  A tengu warrior (D:13)
  4 alligators
  3 death yaks (Lair:6)
  3 orc high priests (Orc:2)
  4 spriggan berserkers (D:14)
  4 spriggans
  2 unseen horrors (D:15)
  2 glowing orange brains (D:15)
  2 swamp dragons
  A wizard (D:13)
  5 orc knights
  A wolf spider zombie (D:15)
  A lindwurm (Lair:6)
  A deep elf archer (D:13)
  3 deep elf magi
  A necromancer (D:15)
  5 orc sorcerers
  8 ugly things
  An oklob plant (D:15)
  5 cyclopes
  A guardian serpent (shapeshifter) (D:14)
  2 molten gargoyles (Lair:6)
  8 black mambas
  5 centaur zombies
  2 ice statues (IceCv)
  2 naga magi (D:15)
  A gargoyle (D:15)
  7 spiny frogs
  An efreet (D:15)
  10 komodo dragons
  3 yaktaurs (D:15)
  3 meliai (D:13)
  5 trolls
  12 polar bears
  8 hornets
  10 slime creatures
  A bog body (Swamp:2)
  2 tyrant leeches
  8 hippogriffs
  8 blink frogs
  A shadow (D:15)
  59 yaks
  A wraith (D:10)
  A wyvern (D:15)
  2 basilisks
  Grum (D:9)
  2 steam dragons (Lair:6)
  19 vampire mosquitoes
  9 swamp worms
  2 wargs
  A soldier ant (D:13)
  A naga (Lair:4)
  2 hell hounds (Lair:6)
  7 porcupines
  8 water moccasins
  6 swamp drakes
  19 orc warriors
  7 ice beasts
  11 ogres
  4 black bears
  9 wolves
  14 centaurs
  5 crocodiles
  4 big kobolds
  20 bullfrogs
  A wyvern zombie (D:6)
  4 gnoll sergeants (D:12)
  4 scorpions
  A wyvern skeleton (D:8)
  7 wights (D:13)
  6 electric eels
  3 howler monkeys
  2 lava snakes (Lair:6)
  2 crimson imps
  2 quasits
  5 jellies
  6 centaur skeletons
  4 hounds
  24 orc wizards
  7 orc priests
  2 bullfrog zombies
  A gnoll shaman (D:8)
  2 bullfrog skeletons
  Terence (D:3)
  An iguana (D:5)
  6 worker ants
  A killer bee zombie (D:7)
  A hound zombie (D:5)
  3 hound skeletons
  A worker ant zombie (D:8)
  15 gnolls
  15 adders
  9 white imps (Orc:1)
  2 oozes (D:2)
  An adder skeleton (D:4)
  2 dart slugs (D:1)
  2 worms
  6 leopard geckos
  65 orcs
  9 bats
  3 giant cockroaches
  9 goblins
  12 hobgoblins
  14 jackals
  21 kobolds
  4 quokkas
  A ball python (D:1)
  5 frilled lizards
  A leopard gecko zombie (D:7)
  5 rats
  3 briar patches (Swamp:2)
722 creatures vanquished.

Vanquished Creatures (collateral kills)
  A very ugly thing (D:15)
  A rakshasa (D:13)
  5 hydras
  An ogre mage (D:15)
  A deep elf knight (D:13)
  2 unseen horrors
  A swamp dragon (Swamp:2)
  An orc knight (Orc:2)
  An ugly thing (D:12)
  An orc sorcerer (Orc:2)
  3 spiny frogs
  A yaktaur (D:15)
  A komodo dragon (Lair:6)
  A hornet (Swamp:1)
  A troll (D:13)
  5 polar bears (IceCv)
  2 tyrant leeches
  A blink frog (Lair:6)
  2 hippogriffs
  2 slime creatures (D:12)
  A vampire (D:13)
  2 spriggans
  2 wyverns (Lair:6)
  3 basilisks
  12 yaks
  2 vampire mosquitoes
  A naga (Lair:4)
  2 swamp worms
  An acid dragon (D:14)
  A warg (Orc:2)
  2 hell hounds (Lair:6)
  2 water moccasins
  3 porcupines
  2 black bears
  2 sky beasts
  6 orc warriors
  3 phantoms
  7 ogres
  3 wolves
  5 crocodiles
  A centaur (D:14)
  A big kobold (D:12)
  2 bullfrogs
  A gnoll sergeant (D:12)
  A wyvern skeleton (D:7)
  2 scorpions
  An electric eel (D:7)
  A crimson imp (D:13)
  A centaur zombie (D:11)
  A lava snake (Lair:6)
  A jelly (D:13)
  2 hounds
  3 orc priests (Orc:2)
  6 orc wizards
  2 worker ants
  An adder (D:11)
  4 gnolls
  2 shadow imps (D:8)
  3 white imps (Orc:1)
  16 orcs
  A bat (Orc:2)
  3 kobolds (D:9)
  2 briar patches (Swamp:2)
154 creatures vanquished.

Vanquished Creatures (others)
  A wolf (IceCv)
  An orc priest (Orc:2)
  18 knights
  4 ancestors
  12 fungi
  3 plants
  25 spectral weapons
64 creatures vanquished.

Grand Total: 940 creatures vanquished

Notes
Turn   | Place    | Note
-------+----------+-------------------------------------------
     0 | D:1      | 1994 the Merfolk Skald began the quest for the Orb.
     0 | D:1      | Reached XP level 1. HP: 16/16 MP: 3/3
    76 | D:1      | Reached XP level 2. HP: 23/23 MP: 5/5
   975 | D:1      | Reached XP level 3. HP: 28/28 MP: 6/6
   988 | D:1      | Learned a level 3 spell: Spectral Weapon
  1008 | D:1      | Reached skill level 4 in Polearms
  1744 | D:2      | Found a faded altar of an unknown god.
  1882 | D:2      | Reached XP level 4. HP: 30/34 MP: 2/7
  1997 | D:2      | Found an ancient bone altar of Kikubaaqudgha.
  2100 | D:2      | Found a bloodstained altar of Trog.
  2947 | D:3      | Reached skill level 5 in Polearms
  3137 | D:3      | Reached XP level 5. HP: 22/41 MP: 5/8
  3502 | D:3      | Noticed Terence
  3517 | D:3      | Killed Terence
  3626 | D:3      | Reached skill level 5 in Dodging
  4178 | D:4      | Found a shadowy altar of Dithmenos.
  4215 | D:4      | Noticed an ogre
  4635 | D:5      | Entered Level 5 of the Dungeon
  4664 | D:5      | Noticed a centaur
  4676 | D:5      | Killed a centaur
  4676 | D:5      | Reached skill level 6 in Polearms
  4676 | D:5      | Reached skill level 1 in Hexes
  4676 | D:5      | Reached XP level 6. HP: 34/47 MP: 3/9
  5620 | D:5      | Reached XP level 7. HP: 27/53 MP: 6/10
  6244 | D:5      | Reached skill level 7 in Polearms
  6294 | D:5      | Identified the cursed +1 ring mail "Qitiadgh" {rElec MP+9}
  6685 | D:4      | Found Wisoon's Jewellery Emporium.
  6873 | D:6      | Found Fomidan's Jewellery Boutique.
  7394 | D:6      | Reached skill level 5 in Charms
  7394 | D:6      | Reached XP level 8. HP: 57/61 MP: 11/11
  7401 | D:6      | Learned a level 3 spell: Regeneration
  7438 | D:6      | Reached skill level 8 in Polearms
  8586 | D:7      | Reached skill level 9 in Polearms
  8704 | D:7      | Reached skill level 5 in Fighting
  8724 | D:7      | Noticed a yak
  8725 | D:7      | Noticed a yak
  8725 | D:7      | Noticed a yak
  8822 | D:6      | Killed a yak
  8822 | D:6      | Reached XP level 9. HP: 68/68 MP: 12/12
  8904 | D:7      | Reached skill level 5 in Hexes
  8925 | D:7      | Found a transporter.
  8926 | D:7      | Found a staircase to the Ecumenical Temple.
  8930 | D:7      | Found a transporter.
  8941 | Temple   | Entered the Ecumenical Temple
  9083 | Temple   | Became a worshipper of Hepliaklqana the Forgotten
  9307 | D:7      | Reached skill level 10 in Polearms
  9653 | D:7      | Found a hide-covered altar of Uskayaw.
 10318 | D:7      | Reached skill level 11 in Polearms
 10384 | D:8      | You fall into a shaft and drop 2 floors!
 10384 | D:10     | Entered Level 10 of the Dungeon
 10431 | D:10     | Reached XP level 10. HP: 16/69 MP: 12/13
 10743 | D:10     | Reached skill level 12 in Polearms
 11212 | D:9      | Reached skill level 13 in Polearms
 11459 | D:9      | Reached * piety under Hepliaklqana
 11737 | D:8      | Noticed Gastronok
 11936 | D:8      | Reached skill level 1 in Necromancy
 12037 | D:8      | Found a sparkling altar of Nemelex Xobeh.
 12175 | D:8      | Found a staircase to the Lair.
 12204 | D:8      | Reached skill level 10 in Dodging
 12847 | D:8      | Found Ucvabit's Book Shoppe.
 12855 | D:8      | Bought a book of Minor Magic for 260 gold pieces
 12858 | D:8      | Learned a level 2 spell: Song of Slaying
 12861 | D:8      | Learned a level 2 spell: Blink
 12864 | D:8      | Learned a level 2 spell: Passwall
 13269 | D:9      | Reached XP level 11. HP: 77/77 MP: 14/14
 13272 | D:9      | Noticed Grum
 13464 | D:9      | Found a blossoming altar of Fedhas.
 13469 | D:9      | Reached skill level 14 in Polearms
 13794 | D:9      | Killed Grum
 14066 | D:10     | Reached skill level 1 in Transmutations
 14097 | D:10     | Noticed a cyclops
 14238 | D:10     | Killed a cyclops
 14238 | D:10     | Reached skill level 1 in Translocations
 14238 | D:10     | Reached skill level 1 in Earth Magic
 14258 | D:10     | Reached ** piety under Hepliaklqana
 14259 | D:10     | Remembered your ancestor ancestor as a knight
 14359 | D:10     | Found Raloob's Distillery.
 14398 | D:10     | Bought a potion of heal wounds for 70 gold pieces
 14573 | D:10     | Found an opulent altar of Gozag.
 14651 | D:11     | Noticed a cyclops
 14662 | D:11     | Killed a cyclops
 14834 | D:11     | Found a white marble altar of Elyvilon.
 15021 | D:11     | Noticed a cyclops
 15037 | D:11     | Killed a cyclops
 15113 | D:11     | Noticed a five-headed hydra
 15128 | D:11     | Killed a five-headed hydra
 15598 | D:8      | Killed Gastronok
 15598 | D:8      | Reached skill level 15 in Polearms
 15728 | D:12     | Noticed a two-headed ogre
 15738 | D:12     | Killed a two-headed ogre
 15738 | D:12     | Reached XP level 12. HP: 80/84 MP: 15/15
 15872 | D:12     | Reached *** piety under Hepliaklqana
 15898 | D:12     | Reached skill level 5 in Transmutations
 16307 | D:12     | Found a staircase to the Orcish Mines.
 16723 | D:12     | Found a sacrificial altar of Ru.
 16737 | D:12     | Noticed a two-headed ogre
 16742 | D:12     | Killed a two-headed ogre
 17265 | Lair:1   | Entered Level 1 of the Lair of Beasts
 17934 | Lair:1   | Reached skill level 16 in Polearms
 18437 | Lair:2   | Reached skill level 5 in Translocations
 18571 | Lair:2   | Reached **** piety under Hepliaklqana
 18656 | Lair:2   | Noticed a four-headed hydra
 18674 | Lair:2   | Killed a four-headed hydra
 18674 | Lair:2   | Reached XP level 13. HP: 92/92 MP: 16/16
 18863 | Lair:2   | Reached skill level 10 in Fighting
 19495 | Lair:3   | Found a large runed translucent door.
 19495 | Lair:3   | Found a large runed translucent door.
 19496 | Lair:3   | Noticed Soithott's ghost (journeyman OpTm)
 19531 | Lair:3   | Killed Soithott's ghost
 19682 | Lair:3   | Reached ***** piety under Hepliaklqana
 20250 | Lair:4   | Reached skill level 1 in Invocations
 20253 | Lair:4   | Reached skill level 1 in Throwing
 20584 | Lair:4   | Found a staircase to the Snake Pit.
 20771 | Lair:4   | Learned a level 1 spell: Apportation
 20903 | Lair:4   | Found a staircase to the Swamp.
 22073 | Lair:5   | Found a staircase to the Slime Pits.
 22451 | Lair:6   | Entered Level 6 of the Lair of Beasts
 22825 | Lair:6   | Identified 2 scrolls of acquirement
 23069 | Lair:6   | Reached skill level 17 in Polearms
 23069 | Lair:6   | Reached XP level 14. HP: 20/101 MP: 5/17
 23775 | Lair:6   | Reached skill level 18 in Polearms
 23929 | Lair:6   | Found a large runed translucent door.
 24024 | Lair:6   | Found a large runed translucent door.
 24991 | D:13     | Reached skill level 19 in Polearms
 25546 | D:13     | HP: 5/101 [vampire mosquito (8)]
 25913 | D:13     | Reached skill level 20 in Polearms
 26079 | D:13     | Reached ****** piety under Hepliaklqana
 26602 | D:13     | Reached skill level 21 in Polearms
 26853 | D:13     | Reached XP level 15. HP: 107/107 MP: 18/18
 26903 | D:13     | Found a gate to the Vaults.
 27048 | Orc:1    | Entered Level 1 of the Orcish Mines
 27091 | Orc:1    | Found a frozen archway.
 27164 | IceCv    | Entered an ice cave
 27329 | IceCv    | Reached skill level 22 in Polearms
 27448 | IceCv    | Noticed a frost giant
 27466 | IceCv    | Killed a frost giant
 28756 | Orc:1    | Found Owkuonno's Armour Emporium.
 28880 | Orc:2    | Entered Level 2 of the Orcish Mines
 29053 | Orc:2    | Found a staircase to the Elven Halls.
 29499 | Orc:2    | Reached skill level 23 in Polearms
 29807 | Orc:2    | Found Araexzuawn's Food Emporium.
 29807 | Orc:2    | Found Osulonum's Food Boutique.
 29921 | Orc:2    | Found Kuakh's Magic Scroll Boutique.
 29921 | Orc:2    | Found Hacserorch's Assorted Antiques.
 29929 | Orc:2    | Bought a scroll labeled ONGYTHOAD for 21 gold pieces
 29936 | Orc:2    | Bought a scroll of silence for 105 gold pieces
 29936 | Orc:2    | Bought a scroll of blinking for 105 gold pieces
 29936 | Orc:2    | Bought a scroll of teleportation for 42 gold pieces
 29936 | Orc:2    | Bought a scroll of remove curse for 42 gold pieces
 30233 | D:14     | Learned a level 3 spell: Portal Projectile
 30294 | D:14     | Noticed Rupert
 30294 | D:14     | Paralysed by Rupert for 2 turns
 30307 | D:14     | Killed Rupert
 30755 | D:14     | Noticed Agnes
 30763 | D:14     | Killed Agnes
 30795 | D:14     | Noticed Nessos
 30812 | D:14     | Killed Nessos
 31115 | D:14     | Found the +8 Wrath of Trog {antimagic, *Rage}
 31349 | D:14     | Noticed Louise
 31378 | D:14     | Killed Louise
 31378 | D:14     | Reached XP level 16. HP: 90/114 MP: 18/19
 31613 | D:15     | Entered Level 15 of the Dungeon
 31913 | D:15     | Reached skill level 24 in Polearms
 32686 | D:15     | Found an ornate altar of the Wu Jian Council.
 32735 | D:15     | Reached skill level 15 in Dodging
 33044 | D:15     | Found a staircase to the Depths.
 33136 | D:15     | Found a runed translucent gate.
 33136 | D:15     | Found a runed translucent gate.
 33136 | D:15     | Found a runed translucent gate.
 33209 | D:15     | Found a runed translucent gate.
 33209 | D:15     | Found a runed translucent gate.
 33213 | D:15     | Noticed ZLogic's ghost (journeyman SpEn)
 33215 | D:15     | Found a runed translucent gate.
 33220 | D:15     | Reached skill level 25 in Polearms
 33220 | D:15     | Reached XP level 17. HP: 120/123 MP: 20/20
 33562 | Swamp:1  | Entered Level 1 of the Swamp
 34457 | Swamp:1  | Noticed Donald
 34485 | Swamp:1  | Killed Donald
 35118 | Swamp:2  | Reached XP level 18. HP: 121/130 MP: 21/21
 35466 | Swamp:3  | Identified Roxanne's Almanac of Earth
 35466 | Swamp:3  | Noticed Roxanne
 35597 | Swamp:3  | Killed Roxanne
 36628 | Swamp:2  | HP: 3/131 [thorn hunter/volley of thorns (28)]
 36639 | Swamp:2  | Killed from afar by a thorn hunter

Levels and vault maps discovered:
D:1:      psy_arrival_statuary, layout_basic, chequers_serial_rivers_small_3
D:2:      layout_loops_cross, lightli_temple_of_fire, lemuel_crystal_altar,
          chequers_ecumenical_altar_simple_redux, kennysheep_cluttered_room
D:3:      kb_forest_paths, layout_basic, serial_corexii_hall,
          chequers_hall_statues_corner_a, corexii_hall_statues_t, uniq_terence
D:4:      layout_rooms, grunt_dithmenos_smoke, serial_shops,
          nicolae_shop_crystal
D:5:      layout_basic, first_ration
D:6:      layout_loops_ring, serial_shops, nicolae_shop_crystal
D:7:      gammafunk_steamed_eel, layout_cave_pools,
          nicolae_overflow_hidden_temple, minmay_temple_entry_grid,
          grunt_ogre_cave, minmay_misc_feat_encased
D:8:      layout_cave_pods, lemuel_crystal_altar, due_lair_maze_entry_diamond,
          serial_shops, shop, uniq_gastronok
D:9:      layout_loops_cross, fedhas_altar_fruit_tree, uniq_grum
D:10:     layout_basic, serial_shops, shop_fountains, grunt_gozag_breadcrumbs
D:11:     layout_irregular_city, basic_altar, minmay_misc_feat_tiny
D:12:     layout_gridville, kennysheep_orc_monster_closet_entryway,
          nicolae_ru_the_path_less_chosen
D:13:     layout_rooms, grunt_vaults_entry_fortified, grunt_potential
D:14:     layout_gridville, minmay_guarded_unrand_wrath_of_trog, uniq_louise,
          uniq_agnes, uniq_rupert, uniq_nessos
D:15:     grunt_enter_depths_magical_seal, layout_long_grid,
          ploomutoo_gammafunk_ghost_potion_laboratory, minmay_misc_feat_columns,
          serial_bayou_pond_d, lemuel_oklob_altar
Temple:   eino_temple_scatter_basement
Lair:1:   layout_cave_pods, cheibrodos_lair_lostbears, grunt_megastairs_1
Lair:2:   layout_regular_city, beast_lair_carwin_8
Lair:3:   layout_chaotic_city, ebering_ghost_disaster_area, serial_bayou_shore_b
Lair:4:   layout_small_grid, swamp_mist_pool, guppyfry_snake_entry_garden,
          serial_bayou_shore_b
Lair:5:   layout_regular_city, dpeg_slime_entry_corner, minivault_25,
          serial_bayou_shore_b
Lair:6:   cheibrodos_lair_end_hotspot, layout_regular_city, serial_bayou_ford_a,
          nicolae_quartered_pool_little
Swamp:1:  layout_falls_marsh, hangedman_swamp_ruin_wall, uniq_donald
Swamp:2:  nicolae_swamp_phyte_club, layout_falls_marsh, hangedman_swamp_cone,
          infiniplex_staircase_pool_2
Swamp:3:  layout_falls_marsh, evilmike_swamp_ruin_house_5, swamp_pool5,
          uniq_roxanne
Orc:1:    layout_caves, serial_shops, shop, portal_ice_cave_entry_imps
Orc:2:    grunt_orc_tribal_feast, layout_diamond_mine, roderic_batcave

Skill      XL: |  1  2  3  4  5  6  7  8  9 10 11 12 13 14 15 16 17 18 |
---------------+-------------------------------------------------------+-----
Dodging        | 3 4 5 6 7 8 10 11 13 14 15 16 | 16.3
Polearms       | 4 5 6 7 9 11 13 15 16 17 21 23 25 | 25.7
Fighting       | 3 4 5 6 8 9 11 12 13 14 | 14.2
Hexes          | 1 3 4 5 |  5.0
Charms         | 4 5 6 |  6.0
Necromancy     | 2 3 |  3.0
Transmutations | 4 7 |  7.0
Translocations | 3 5 6 |  6.0
Earth Magic    | 3 4 |  4.3
Invocations    | 4 |  4.5
Throwing       | 2 |  2.7
Armour         | |  0.6
Spellcasting   | |  2.0

Action                   |  1- 3 |  4- 6 |  7- 9 | 10-12 | 13-15 | 16-18 || total
-------------------------+-------+-------+-------+-------+-------+-------++-------
Melee: Spear             |   160 |   363 |   144 |       |       |       ||   667
       Dagger            |    10 |     7 |       |       |       |       ||    17
       Halberd           |       |       |   160 |   643 |   193 |       ||   996
       Tailslap          |       |       |       |     6 |     1 |    16 ||    23
       Trident           |       |       |       |    11 |    53 |    32 ||    96
       Bardiche          |       |       |       |       |   703 |   472 ||  1175
Throw: Stone             |       |     1 |       |       |       |       ||     1
       Boomerang         |       |     5 |       |       |       |       ||     5
       Dart              |       |       |     9 |       |       |       ||     9
 Cast: Infusion          |     2 |     5 |       |       |       |       ||     7
       Spectral Weapon   |       |     7 |    24 |    32 |    48 |    21 ||   132
       Regeneration      |       |       |       |       |    14 |    21 ||    35
       Passwall          |       |       |       |       |     3 |       ||     3
       Blink             |       |       |       |       |     2 |     1 ||     3
       Apportation       |       |       |       |       |       |     1 ||     1
Invok: Ancestor Identity |       |       |     2 |       |       |       ||     2
       Recall Ancestor   |       |       |     1 |     4 |     6 |     5 ||    16
       Ancestor Life: Kn |       |       |       |     1 |       |       ||     1
       Idealise          |       |       |       |       |     1 |       ||     1
       Transference      |       |       |       |       |       |     1 ||     1
Evoke: Wand              |       |       |     1 |     3 |    10 |       ||    14
       Box of beasts     |       |       |       |       |     1 |       ||     1
  Use: Scroll            |       |     8 |     3 |     9 |    14 |     3 ||    37
       Potion            |       |       |       |     1 |     4 |     1 ||     6
 Stab: Distracted        |       |     2 |     5 |    17 |    27 |    10 ||    61
       Paralysed         |       |       |       |       |     8 |       ||     8
       Betrayed ally     |       |       |       |       |     1 |       ||     1
       Sleeping          |       |       |       |       |       |     1 ||     1
  Eat: Chunk             |     3 |    11 |    16 |    29 |    42 |    23 ||   124
       Ration            |       |     1 |     1 |     1 |     3 |       ||     6
Armor: Leather armour    |    31 |       |       |       |       |       ||    31
       Ring mail         |       |    65 |    50 |    76 |   120 |    46 ||   357
Dodge: Dodged            |    88 |   151 |   139 |   299 |   653 |   320 ||  1650
